 Dungeon Crawl Stone Soup version 0.17-a0-1949-g1acca9a (webtiles) character file.

889 Ordine the Cruncher (level 7, 0/56 HPs)
             Began as a Minotaur Gladiator on Oct 2, 2015.
             Slain by Burgietje's ghost (4 damage)
             ... on level 5 of the Dungeon.
             The game lasted 00:09:28 (4084 turns).

Ordine the Cruncher (Minotaur Gladiator)            Turns: 4084, Time: 00:09:28

Health: 0/56       AC:  9    Str: 19    XL:     7   Next: 77%
Magic:  6/6        EV:  8    Int: 10    God:
Gold:   291        SH:  0    Dex: 13    Spells: 0 memorised, 6 levels left

rFire  . . .     SeeInvis .     a - +0 quarterstaff
rCold  . . .     Clarity  .     i - +1 chain mail
rNeg   + . .     SustAt   .     (no shield)
rPois  .         Gourm    .     c - +0 hat
rElec  .         Spirit   .     (no cloak)
rCorr  .         Warding  +     (no gloves)
rMut   .         Stasis   .     (no boots)
MR     .....                    m - amulet of warding
Stlth  ..........               (no ring)
                                (no ring)

@: brilliant, lethally poisoned (0 -> -6), flying, not resistant to hostile
enchantments, extremely unstealthy
A: retaliatory headbutt, horns 2
a: no special abilities


You were on level 5 of the Dungeon.
You were near starving.

You visited 2 branches of the dungeon, and saw 6 of its levels.

You collected 291 gold pieces.

Inventory:

Hand weapons
 a - a +0 quarterstaff (weapon)
Missiles
 d - 3 throwing nets (quivered)
Armour
 c - a +0 hat (worn)
 i - a +1 chain mail (worn)
Jewellery
 l - an uncursed ring of ice
 m - an amulet of warding (around neck)
Magical devices
 b - a wand of flame (16)
 t - a wand of random effects (13)
 x - a wand of magic darts (24)
 z - a wand of fire (7)
Scrolls
 j - a scroll of recharging
 w - a scroll of magic mapping
 y - a scroll of fear
Potions
 f - a potion of agility
 n - 2 potions of poison
 p - a potion of brilliance
 q - 2 potions of heal wounds {unknown}
 r - 3 potions of curing {unknown}
 v - a potion of mutation {unknown}
 A - 2 potions of might {unknown}
Books
 o - a Fen Folio

   Spells                             Type                      Level
   a - Corpse Rot                     Necromancy                   2
   b - Stone Arrow                    Conjuration/Earth            3
   c - Leda's Liquefaction            Hexes/Earth                  4
   d - Summon Forest                  Summoning/Translocation      5
   e - Hydra Form                     Transmutation                6
   f - Summon Hydra                   Summoning                    7
Comestibles
 e - 2 bread rations
 k - 2 beef jerkies
 s - a slice of pizza
 u - 2 meat rations


   Skills:
 - Level 2.4 Fighting
 + Level 11.0 Staves
 - Level 2.0 Throwing
 - Level 3.2 Dodging


You had 6 spell levels left.
You didn't know any spells.

Dungeon Overview and Level Annotations

Branches:
Dungeon (5/15)             Temple (1/1) D:4

Altars:
Cheibriados
Elyvilon
Fedhas
Gozag
Makhleb
Qazlal
Ru
Trog
Yredelemnul
The Shining One

Annotations:
D:5 Burgietje's ghost, experienced MiFi


Innate Abilities, Weirdness & Mutations

You reflexively headbutt those who attack you in melee.
You have a pair of horns on your head.


Message History

* * * LOW HITPOINT WARNING * * *
There are no items here.
* * * LOW HITPOINT WARNING * * *
You feel sick.
* * * LOW HITPOINT WARNING * * *
You feel sick.
Drink which item? (? for menu, Esc to quit)
It was a potion of flight.
You feel very buoyant.
You fly up into the air.
* * * LOW HITPOINT WARNING * * *
You feel sick.
Burgietje's ghost completely misses you.
You furiously retaliate!
You headbutt Burgietje's ghost, but do no damage.
Drink which item? (? for menu, Esc to quit)
It was a potion of brilliance.
You feel clever all of a sudden. Burgietje's ghost hits you.
You die...

#.##..### #..##...###
##..###...##
##>.####..#
##...###># ###.#
#.######
#.###......## #. #
#...........#####.#
#.##.
#####...@W.....##.##.
#.. #....###.#..#...
#.#
##....##..#....####..
##..(# #...........#
##..###..##........
#............##...
##..............##
#.............####
#..)##.##..###.>#


You could see Burgietje's ghost.

Vanquished Creatures
  Sigmund (D:5)
  A phantom (D:4)
  Blork the orc (D:4)
  A scorpion (D:4)
  A crimson imp (D:5)
  3 hounds
  An orc priest (D:5)
  Ijyb (D:3)
  Natasha (thrice) (D:4)
  A worker ant (D:4)
  2 hound zombies (D:5)
  2 hound skeletons
  5 gnolls
  Robin (D:4)
  7 adders
  A shadow imp (D:5)
  An ooze (D:1)
  3 worms
  An adder skeleton (D:5)
  7 orcs
  5 bats
  4 giant cockroaches
  6 hobgoblins
  7 jackals
  5 quokkas
  2 ball pythons
  3 giant newts
  12 goblins
  A jackal skeleton (D:4)
  8 kobolds
  A quokka skeleton (D:3)
  6 rats
104 creatures vanquished.

Notes
Turn   | Place    | Note
--------------------------------------------------------------
     0 | D:1      | Ordine the Minotaur Gladiator began the quest for the Orb.
     0 | D:1      | Reached XP level 1. HP: 18/18 MP: 0/0
   381 | D:1      | Reached skill level 4 in Staves
   632 | D:2      | Reached XP level 2. HP: 23/25 MP: 1/1
   765 | D:2      | Reached skill level 5 in Staves
   798 | D:2      | Reached XP level 3. HP: 19/30 MP: 2/2
   851 | D:2      | Found a bloodstained altar of Trog.
  1179 | D:2      | Found a blossoming altar of Fedhas.
  1628 | D:3      | Noticed Ijyb
  1639 | D:3      | Killed Ijyb
  1639 | D:3      | Reached skill level 6 in Staves
  1639 | D:3      | Reached XP level 4. HP: 33/37 MP: 3/3
  1765 | D:3      | Reached skill level 7 in Staves
  1765 | D:3      | Reached XP level 5. HP: 39/42 MP: 4/4
  2360 | D:4      | Found a sacrificial altar of Ru.
  2370 | D:4      | Reached skill level 8 in Staves
  2475 | D:4      | Reached XP level 6. HP: 39/50 MP: 5/5
  2476 | D:4      | Found a stormy altar of Qazlal.
  2577 | D:4      | Noticed Robin
  2590 | D:4      | Killed Robin
  2832 | D:4      | Reached skill level 9 in Staves
  2997 | D:4      | Found a snail-covered altar of Cheibriados.
  2997 | D:4      | Noticed Blork the orc
  3011 | D:4      | Killed Blork the orc
  3030 | D:4      | Noticed a phantom
  3058 | D:4      | Killed a phantom
  3058 | D:4      | Reached XP level 7. HP: 16/56 MP: 6/6
  3172 | D:4      | Found a staircase to the Ecumenical Temple.
  3181 | Temple   | Entered the Ecumenical Temple
  3320 | D:4      | Noticed Natasha
  3327 | D:4      | Killed Natasha
  3408 | D:4      | Noticed Natasha
  3414 | D:4      | Killed Natasha
  3437 | D:4      | Reached skill level 10 in Staves
  3501 | D:4      | Noticed Natasha
  3502 | D:4      | Killed Natasha
  3571 | D:5      | Entered Level 5 of the Dungeon
  3630 | D:5      | Noticed Sigmund
  3661 | D:5      | Killed Sigmund
  3919 | D:5      | Reached skill level 11 in Staves
  4072 | D:5      | Noticed Burgietje's ghost (experienced MiFi)
  4084 | D:5      | Slain by Burgietje's ghost

Vault maps used:
D:1:      minmay_arrival_semitransparent
D:2:      fedhas_altar_3, overflow_temple_1_default
D:3:      cheibrodos_gnoll_hut, uniq_iyjb
D:4:      cheibriados_altar_1, nicolae_ru_awakened_eye, temple_hall,
          first_bread, grunt_qazlal_clouds, uniq_natasha, uniq_blork_the_orc,
          uniq_robin
D:5:      uniq_sigmund
Temple:   nicolae_temple_hex_pool_5

Action                   |  1- 3 |  4- 6 |  7- 9 || total
-------------------------+-------+-------+-------++-------
Melee: Quarterstaff      |    66 |   189 |    79 ||   334
  Use: Scroll            |     4 |     2 |     2 ||     8
       Potion            |       |     2 |     5 ||     7
 Stab: Invisible         |       |     3 |       ||     3
  Eat: Chunk             |     2 |     5 |     2 ||     9
